[Event "ICC Open 2015"]
[Site "Internet Chess Club"]
[Date "2015.05.29"]
[Round "8"]
[White "HPG1947"]
[Black "airantrobo"]
[Result "0-1"]
[ICCResult "White forfeits on time"]
[WhiteElo "1734"]
[BlackElo "1627"]
[Opening "Sicilian: Smith-Morra gambit"]
[ECO "B21"]
[NIC "SI.48"]
[Time "20:52:07"]
[TimeControl "180+0"]

1. e4 c5 2. d4 cxd4 3. c3 dxc3 4. Nxc3 Nc6 5. Nf3 a6 6. Bc4 d6 7. h3 Nf6 8.
O-O e6 9. Qe2 Be7 10. Rd1 O-O 11. e5 Ne8 12. Bf4 d5 13. Bd3 f6 14. exf6 Nxf6
15. Bg5 b6 16. Rac1 Bb7 17. Bb1 Rc8 18. Qxe6+ Kh8 19. Nxd5 Qe8 20. Nxe7 Qxe7
21. Qxe7 Nxe7 22. Ne5 Rxc1 23. Rxc1 Ned5 24. f3 h6 25. Bd2 b5 26. Ng6+ Kg8
27. Nxf8 Kxf8 28. a4 bxa4 29. Ba2 Nb6 30. Rc7 Bd5 31. Bb4+ Kg8 32. Bb1 g5
33. Bg6 Nbd7 34. Bc3 Bf7 35. Bf5 Nb6 36. Rc6 Nbd5 37. Rd6 Kg7
{White forfeits on time}
0-1

[Event "ICC Open 2015"]
[Site "Internet Chess Club"]
[Date "2015.05.29"]
[Round "8"]
[White "Anneay"]
[Black "PADILLON2189"]
[Result "1-0"]
[ICCResult "Black forfeits on time"]
[WhiteElo "2486"]
[BlackElo "2033"]
[Opening "Sicilian: Canal-Sokolsky attack, Sokolsky variation"]
[ECO "B52"]
[NIC "SI.01"]
[Time "20:51:41"]
[TimeControl "180+0"]

1. e4 c5 2. Nf3 d6 3. Bb5+ Bd7 4. Bxd7+ Qxd7 5. c4 Nc6 6. Nc3 g6 7. d4 cxd4
8. Nxd4 Bg7 9. Be3 Nf6 10. h3 O-O 11. O-O Rfc8 12. b3 Rab8 13. Rc1 a6 14.
Qd3 Nxd4 15. Bxd4 b5 16. cxb5 axb5 17. Rc2 b4 18. Na4 Rxc2 19. Qxc2 Rc8 20.
Qd3 Qc6 21. Nb6 Rb8 22. Bxf6 Bxf6 23. Nd5 Kg7 24. Qd2 Bc3 25. Qc2 e6 26.
Nxc3 bxc3 27. Rc1 Rc8 28. a4 d5 29. exd5 exd5 30. b4 Qc4 31. b5 d4 32. Rd1
Ra8 33. b6 Rxa4 34. b7 Rb4 35. Qe4 c2 36. Rc1 Qb5 37. Rxc2 Qxb7 38. Qe5+ Kh6
39. Rc7 Qb5 40. Qf4+ Qg5 41. Qxf7 Rb1+ 42. Kh2 Qe5+ 43. f4 Qxc7 44. Qxc7 Rd1
45. Qd8 d3 46. g4 Kg7 47. g5 d2 48. Kg2 Kf7 49. Qd7+ Kf8 50. f5 gxf5 51.
Qxf5+ Ke7 52. Qe5+ Kd8 53. Qd5+ Ke7 54. Kf2 Ke8 55. Ke2 Re1+ 56. Kxd2 Re7
57. Qc6+ Kf7 58. Kd3 Re6 59. Qc4 {Black forfeits on time} 1-0

[Event "ICC Open 2015"]
[Site "Internet Chess Club"]
[Date "2015.05.29"]
[Round "8"]
[White "gioachino82"]
[Black "orak"]
[Result "0-1"]
[ICCResult "White forfeits on time"]
[WhiteElo "1367"]
[BlackElo "1600"]
[Opening "Alekhine's defense: four pawns attack, 7.Be3"]
[ECO "B03"]
[NIC "AL.06"]
[Time "20:52:04"]
[TimeControl "180+0"]

1. e4 Nf6 2. e5 Nd5 3. d4 d6 4. c4 Nb6 5. f4 dxe5 6. fxe5 Nc6 7. Be3 Bf5 8.
Nc3 e6 9. Nf3 Be7 10. d5 exd5 11. cxd5 Nb4 12. Bb5+ c6 13. dxc6 bxc6 14.
Qxd8+ Rxd8 15. Bxb6 axb6 16. Ba4 Nd3+ 17. Ke2 b5 18. Bb3 O-O 19. a4 Nxb2 20.
axb5 cxb5 21. Nxb5 Bd3+ 22. Kf2 Bxb5 23. e6 fxe6 24. Bxe6+ Kh8 25. Rab1 Nd3+
26. Ke3 Bc5+ 27. Ke2 Nf4+ 28. Ke1 Nxe6 29. Rxb5 Be7 30. Kf2 Bc5+ 31. Kg3 Be3
32. Re1 Bf4+ 33. Kf2 Nd4 34. Rb7 Nxf3 35. gxf3 Bxh2 36. Ree7 Rg8 37. Kg2 Bf4
38. Rf7 Be5 39. f4 Bf6 40. f5 h5 41. Kg3 h4+ 42. Kh3 Rd3+ 43. Kg4 h3 44. Rb2
Kh7 45. Rh2 Rd4+ 46. Kf3 Kh6 {White forfeits on time} 0-1

[Event "ICC Open 2015"]
[Site "Internet Chess Club"]
[Date "2015.05.29"]
[Round "8"]
[White "grancaruso"]
[Black "HardAsfalt"]
[Result "1-0"]
[ICCResult "Black forfeits on time"]
[WhiteElo "1849"]
[BlackElo "1698"]
[Opening "Réti opening"]
[ECO "A30"]
[NIC "QP.10"]
[Time "20:52:30"]
[TimeControl "180+0"]

1. Nf3 c5 2. c4 d6 3. d4 cxd4 4. Nxd4 Nf6 5. Nc3 e5 6. Nc2 Be7 7. Bg5 Be6 8.
e3 Nbd7 9. Be2 O-O 10. O-O a6 11. Bxf6 Bxf6 12. Bf3 Rc8 13. Qe2 Bxc4 14. Qd2
Bxf1 15. Rxf1 b5 16. Rd1 Be7 17. Bb7 Rc4 18. Bxa6 Nc5 19. Bxb5 Rg4 20. Nd5
Bh4 21. Be2 Ne4 22. Qb4 Rxg2+ 23. Kxg2 Qg5+ 24. Kf1 Bxf2 25. Bf3 Ng3+ 26.
Kxf2 e4 27. hxg3 exf3 28. Qf4 Qh5 29. Qxf3 Qh2+ 30. Qg2 Qh5 31. Rh1 Qe5 32.
Nd4 Rb8 33. b3 Ra8 34. a4 Rc8 35. Qh3 Rc2+ 36. Nxc2 h6 37. Nd4 Qxd5 38. Qc8+
Kh7 39. Qc2+ {Black forfeits on time} 1-0

[Event "ICC Open 2015"]
[Site "Internet Chess Club"]
[Date "2015.05.29"]
[Round "8"]
[White "Svinotigr"]
[Black "JCarllsen"]
[Result "0-1"]
[ICCResult "White forfeits on time"]
[WhiteElo "1614"]
[BlackElo "1830"]
[Opening "Réti opening"]
[ECO "A05"]
[NIC "QP.11"]
[Time "20:52:26"]
[TimeControl "180+0"]

1. Nf3 Nf6 2. d3 g6 3. Nbd2 Bg7 4. e4 O-O 5. Qe2 d6 6. g3 e5 7. h4 Bg4 8.
Bg2 Nc6 9. c3 Re8 10. a4 a5 11. Nc4 d5 12. Ncd2 d4 13. c4 Nb4 14. Nf1 Nd7
15. N1h2 Be6 16. Ng5 Nc5 17. Nxe6 Ncxd3+ 18. Kf1 Rxe6 19. Bg5 Bf6 20. Nf3
Kg7 21. Rd1 Nc5 22. Bh3 Re8 23. Kg2 h6 24. Bc1 Nxa4 25. Nh2 Nc5 26. Ng4 h5
27. Nh2 Na2 28. Rhf1 Nxc1 29. Rxc1 Ra6 30. f4 exf4 31. Rxf4 d3 32. Qf2 Re7
33. Qxc5 Bd4 34. Qd5 Rd6 35. Qxa5 Qe8 36. Rcf1 f6 37. Qb5 c6 38. Qb3 Rxe4
39. Qxd3 Re2+ 40. Kh1 Rxh2+ {White forfeits on time} 0-1

[Event "ICC Open 2015"]
[Site "Internet Chess Club"]
[Date "2015.05.29"]
[Round "8"]
[White "eltigrecu"]
[Black "EndgamesMaster"]
[Result "1-0"]
[ICCResult "Black forfeits on time"]
[WhiteElo "2013"]
[BlackElo "1738"]
[Opening "Levitsky attack (Queen's bishop attack)"]
[ECO "D00"]
[NIC "QP.08"]
[Time "20:53:27"]
[TimeControl "180+0"]

1. d4 d5 2. Bg5 c6 3. c3 Nd7 4. Nd2 Ngf6 5. Ngf3 e6 6. e3 Be7 7. Bd3 O-O 8.
Qc2 h6 9. Bh4 c5 10. Ne5 Nxe5 11. dxe5 Ng4 12. Bg3 Bh4 13. Nf3 Bxg3 14. hxg3
Qc7 15. Rh5 c4 16. Be2 g6 17. Rh4 Nxe5 18. Rxh6 Ng4 19. Rh4 Nxe3 20. fxe3
Qxg3+ 21. Kf1 e5 22. Rh1 e4 23. Nd4 Qxe3 24. Rd1 Rd8 25. Qd2 Qxd2 26. Rxd2
Be6 27. Nxe6 fxe6 28. Bg4 Rf8+ 29. Ke1 Rf6 30. Rf1 Raf8 31. Rdf2 Kg7 32.
Bxe6 e3 33. Rxf6 Rxf6 34. Bxd5 Rd6 35. Rf7+ Kg8 36. Rd7+
{Black forfeits on time}
1-0

[Event "ICC Open 2015"]
[Site "Internet Chess Club"]
[Date "2015.05.29"]
[Round "8"]
[White "aplusk"]
[Black "depressnyak"]
[Result "0-1"]
[ICCResult "White forfeits on time"]
[WhiteElo "2834"]
[BlackElo "3214"]
[Opening "Trompowsky attack (Ruth, Opocenský opening)"]
[ECO "A45"]
[NIC "QP.07"]
[Time "20:51:45"]
[TimeControl "180+0"]

1. d4 Nf6 2. Bg5 d5 3. Bxf6 exf6 4. e3 c5 5. Nd2 Nc6 6. Ngf3 Be6 7. Be2 Bd6
8. dxc5 Bxc5 9. O-O O-O 10. Nb3 Bb6 11. Nbd4 Bd7 12. h3 Re8 13. a4 f5 14. c3
Qf6 15. Bb5 a6 16. Bd3 Na5 17. b4 Nc4 18. Bxc4 dxc4 19. a5 Bc7 20. Qc2 g5
21. Rfe1 g4 22. hxg4 fxg4 23. Nd2 Qh4 24. g3 Bxg3 25. fxg3 Qxg3+ 26. Kf1
Qh3+ 27. Kg1 Rxe3 28. Nf1 Rxc3 29. Qe4 Re8 30. Qf4 Be6 31. Qg5+ Kf8 32. Qe5
Rf3 33. Nxf3 gxf3 34. Qd6+ Re7 35. Qg3 Qf5 36. Rad1 Re8 37. Kf2 c3 38. Ne3
Qe4 39. Qxf3 Qh4+ 40. Qg3 Qxb4 41. Qd6+ Qxd6 42. Rxd6 Rc8 43. Rc1 Rc5 44.
Rb6 Bc8 45. Nd1 c2 46. Ne3 Rxa5 47. Rxc2 Be6 48. Rxb7 h5 49. Rd2 h4 50. Kf3
h3 51. Kg3 Ra3 52. Kf4 a5 53. Ng4 Ra4+ 54. Ke5 Rxg4 55. Rh2 Rg5+ 56. Kf4
Rf5+ 57. Ke3 Rd5 58. Rb8+ Ke7 59. Ra8 Kd6 60. Ra6+ Ke5 61. Ra7 Rb5 62. Kd3
Rb3+ 63. Kc2 Ra3 64. Kb1 a4 65. Re2+ Kd4 66. Ra5 Kc3 67. Re3+ Kb4 68. Rxa3
Kxa5 69. Kb2 h2 70. Ra1 Bd5 71. Kc3 h1=Q 72. Kd3 Qe4+ 73. Kd2 Qd4+
{White forfeits on time}
0-1

[Event "ICC Open 2015"]
[Site "Internet Chess Club"]
[Date "2015.05.29"]
[Round "8"]
[White "golpeador"]
[Black "Skyrmion"]
[Result "1-0"]
[ICCResult "Black checkmated"]
[WhiteElo "2374"]
[BlackElo "1719"]
[Opening "Queen's pawn game"]
[ECO "D02"]
[NIC "QP.08"]
[Time "20:52:59"]
[TimeControl "180+0"]

1. d4 d5 2. Nf3 c6 3. Bf4 Bf5 4. c4 e6 5. Qb3 Qb6 6. c5 Qxb3 7. axb3 Nd7 8.
Nc3 Ngf6 9. b4 Be7 10. b5 O-O 11. bxc6 bxc6 12. e3 Nh5 13. Bc7 Rfc8 14. Ba5
Bd8 15. Ba6 Rcb8 16. Bxd8 Rxd8 17. b4 Rdb8 18. b5 cxb5 19. Nxb5 Rd8 20. Kd2
Nhf6 21. Bb7 Ne4+ 22. Ke2 Rab8 23. c6 Rxb7 24. cxb7 Rb8 25. Rxa7 Nb6 26. Rc1
g5 27. Rc6 Nc4 28. Rc8+ Kg7 29. Rxb8 g4 30. Ne5 Nxe5 31. dxe5 Nc5 32. Re8
Nxb7 33. Rxb7 h5 34. Nd6 Bg6 35. f4 gxf3+ 36. gxf3 Kh6 37. h4 Kg7 38. Kd2
Bf5 39. Rxf7+ Kg6 40. Rg8+ Kh6 41. Nxf5+ exf5 42. Rxf5 d4 43. Rf6+ Kh7 44.
Rg5 dxe3+ 45. Kxe3 Kh8 46. e6 Kh7 47. e7 Kh8 48. e8=Q+ Kh7 49. Qxh5#
{Black checkmated}
1-0

[Event "ICC Open 2015"]
[Site "Internet Chess Club"]
[Date "2015.05.29"]
[Round "8"]
[White "Estocolmov"]
[Black "ural"]
[Result "1-0"]
[ICCResult "Black forfeits on time"]
[WhiteElo "2277"]
[BlackElo "2490"]
[Opening "Levitsky attack (Queen's bishop attack)"]
[ECO "D00"]
[NIC "QP.08"]
[Time "20:52:38"]
[TimeControl "180+0"]

1. d4 d5 2. Bg5 Nc6 3. Nf3 f6 4. Bf4 Bg4 5. Nbd2 Nxd4 6. Nxd4 e5 7. f3 Bd7
8. Be3 exd4 9. Bxd4 c5 10. Bf2 Bc6 11. e4 dxe4 12. Nxe4 Qe7 13. Bxc5 Qe6 14.
Bxf8 Kxf8 15. Qd6+ Qxd6 16. Nxd6 Ne7 17. Bc4 g6 18. O-O-O Kg7 19. Rhe1 Nc8
20. Nxb7 Nb6 21. Re7+ Kh6 22. Bb3 Rhe8 23. Rde1 Rxe7 24. Rxe7 a5 25. a3 a4
26. Ba2 Nd5 27. Rf7 Ne3 28. g3 Bxb7 29. Rxb7 Rd8 30. b3 Rd1+ 31. Kb2 axb3
32. Bxb3 Rd2 33. a4 Rxh2 34. a5 Nd1+ 35. Ka3 Rh5 36. Ka4 Nc3+ 37. Kb4 Nd5+
38. Bxd5 Rxd5 39. a6 Rd8 40. a7 {Black forfeits on time} 1-0

[Event "ICC Open 2015"]
[Site "Internet Chess Club"]
[Date "2015.05.29"]
[Round "8"]
[White "Chessbomb"]
[Black "vincentparagas"]
[Result "0-1"]
[ICCResult "White forfeits on time"]
[WhiteElo "1803"]
[BlackElo "1640"]
[Opening "French: advance variation"]
[ECO "C02"]
[NIC "FR.03"]
[Time "20:52:07"]
[TimeControl "180+0"]

1. e4 e6 2. d4 d5 3. e5 c5 4. c3 Qb6 5. Nf3 Nh6 6. Be2 Nc6 7. dxc5 Bxc5 8.
O-O Ng4 9. b4 Bxf2+ 10. Kh1 Ncxe5 11. Nxe5 Nxe5 12. Bf4 Ng6 13. Qd2 Bh4 14.
Be3 Qc7 15. Bh5 Bd7 16. Na3 Rc8 17. Rac1 a6 18. Qd4 Bf6 19. Rxf6 gxf6 20.
Qxf6 Qe5 21. Bd4 Qxf6 22. Bxf6 O-O 23. g3 e5 24. Bxg6 fxg6 25. Bxe5 Rf2 26.
Rc2 Rxc2 27. Nxc2 Bf5 28. Ne3 Be4+ 29. Kg1 Re8 30. Bd4 b5 31. a4 bxa4 32.
Kf2 a3 33. Nc2 Bxc2 34. Be5 Be4 35. c4 dxc4 36. Bc3 Bd3 37. Kf3 Re2 38. Ba1
Ra2 39. Kg4 Rb2 {White forfeits on time} 0-1

[Event "ICC Open 2015"]
[Site "Internet Chess Club"]
[Date "2015.05.29"]
[Round "8"]
[White "Red-white"]
[Black "chabotheking"]
[Result "0-1"]
[ICCResult "White forfeits on time"]
[WhiteElo "3122"]
[BlackElo "2473"]
[Opening "King's Indian: 5.Nf3"]
[ECO "E90"]
[NIC "KI.20"]
[Time "20:52:38"]
[TimeControl "180+0"]

1. Nf3 Nf6 2. c4 g6 3. Nc3 Bg7 4. e4 d6 5. d4 O-O 6. h3 c5 7. d5 e6 8. Bd3
exd5 9. exd5 Re8+ 10. Be3 Nh5 11. O-O Nd7 12. Bg5 Bf6 13. Qd2 Ne5 14. Ne4
Nxf3+ 15. gxf3 Bxg5 16. Qxg5 Qxg5+ 17. Nxg5 Nf4 18. Rfd1 Nxh3+ 19. Nxh3 Bxh3
20. Rab1 Kg7 21. b4 cxb4 22. Rxb4 b6 23. a4 Rab8 24. Rdb1 Re7 25. a5 Reb7
26. Ra1 bxa5 27. Rxb7 Rxb7 28. Rxa5 Kf6 29. f4 Bf5 30. Be2 h5 31. Ra6 Ke7
32. Bf3 Bd3 33. Ra4 Rc7 34. c5 dxc5 35. Ra3 c4 36. Ra6 Kd7 37. d6 Rc5 38.
Bd1 c3 39. Ba4+ Kd8 40. Rxa7 c2 41. Bxc2 Bxc2 42. Rxf7 Bf5 43. Kh2 Rd5 44.
Kg3 Rxd6 45. Kh4 Ke8 46. Ra7 Rd2 47. f3 Rg2 48. Ra8+ Ke7 49. Re8+ Kd6 50.
Rd8+ Bd7 51. f5 gxf5 52. Kxh5 Rg3 53. f4 Rg4 54. Rf8 Rxf4 55. Kg5 Rg4+ 56.
Kf6 Re4 57. Kg5 Be6 58. Rd8+ Ke5 59. Ra8 Rg4+ 60. Kh5 Rg1 61. Ra5+ Bd5 62.
Rb5 f4 {White forfeits on time} 0-1

[Event "ICC Open 2015"]
[Site "Internet Chess Club"]
[Date "2015.05.29"]
[Round "8"]
[White "BonifaceVIII"]
[Black "chigamaster"]
[Result "1-0"]
[ICCResult "Black forfeits on time"]
[WhiteElo "2582"]
[BlackElo "2896"]
[Opening "Queen's Indian: Petrosian system"]
[ECO "E12"]
[NIC "QI.04"]
[Time "20:53:25"]
[TimeControl "180+0"]

1. d4 Nf6 2. c4 e6 3. Nf3 b6 4. a3 Bb7 5. Nc3 Be7 6. Qc2 d5 7. cxd5 exd5 8.
Bf4 c6 9. e3 O-O 10. Ne5 Nbd7 11. Bd3 c5 12. O-O g6 13. h3 c4 14. Be2 a6 15.
a4 Nxe5 16. Bxe5 Bd6 17. Bxf6 Qxf6 18. Bf3 Bc7 19. b3 Qd6 20. g3 cxb3 21.
Qxb3 Rfd8 22. Bg2 Rac8 23. Rfc1 Bb8 24. Rab1 Ba7 25. Ne2 Rc6 26. Nf4 g5 27.
Nd3 f6 28. Nb4 Rxc1+ 29. Rxc1 a5 30. Nd3 h5 31. Nc5 Bc6 32. Nd3 Kg7 33. h4
Bb7 34. hxg5 h4 35. Nf4 fxg5 36. Nxd5 hxg3 37. Rc7+ Kh6 38. Rxb7 gxf2+ 39.
Kf1 Rf8 40. e4 Qh2 41. Qh3+ Qxh3 42. Bxh3 g4 43. Bxg4 Kg5 44. Rxa7
{Black forfeits on time}
1-0

[Event "ICC Open 2015"]
[Site "Internet Chess Club"]
[Date "2015.05.29"]
[Round "8"]
[White "brizito"]
[Black "asithink"]
[Result "1-0"]
[ICCResult "Black forfeits on time"]
[WhiteElo "1655"]
[BlackElo "2094"]
[Opening "Queen's pawn"]
[ECO "A40"]
[NIC "QO.17"]
[Time "20:52:29"]
[TimeControl "180+0"]

1. d4 e6 2. Nf3 b6 3. e3 Bb7 4. Bd3 f5 5. O-O Nf6 6. Nbd2 Be7 7. c4 O-O 8.
a3 Qe8 9. Qc2 Qg6 10. b4 d6 11. d5 exd5 12. Bxf5 Qh5 13. Bb2 Kh8 14. cxd5
Bxd5 15. e4 Bc6 16. h3 a5 17. Nd4 Qe8 18. Rfc1 Ba4 19. Qxc7 Na6 20. Qxb6 Bd8
21. Qxd6 Bc7 22. Qe6 Qxe6 23. Bxe6 Rfe8 24. Bd5 Nxd5 25. exd5 Red8 26. Rxc7
Nxc7 27. Nc6 Nxd5 28. Nxd8 Rxd8 29. Nf3 {Black forfeits on time} 1-0

[Event "ICC Open 2015"]
[Site "Internet Chess Club"]
[Date "2015.05.29"]
[Round "8"]
[White "Spirals"]
[Black "Rotchopf"]
[Result "1/2-1/2"]
[ICCResult "Black stalemated"]
[WhiteElo "2104"]
[BlackElo "1897"]
[Opening "Pirc defense"]
[ECO "B07"]
[NIC "PU.08"]
[Time "20:52:36"]
[TimeControl "180+0"]

1. e4 d6 2. d4 Nf6 3. Nc3 Nc6 4. Nf3 Bg4 5. Be2 e5 6. Be3 h6 7. h3 Bd7 8.
dxe5 dxe5 9. a3 Bd6 10. O-O Ne7 11. Bc4 Ng6 12. Nd5 Qc8 13. Nxf6+ gxf6 14.
Qd5 Be6 15. Qb5+ Bd7 16. Qb3 O-O 17. Kh2 f5 18. Bxh6 fxe4 19. Bxf8 Qxf8 20.
Ng5 Be8 21. Nxe4 Kg7 22. Nxd6 Qxd6 23. Rad1 Qf6 24. Qg3 Bc6 25. Bd5 Rh8 26.
Bxc6 bxc6 27. Rd7 Kh7 28. Rfd1 Nf4 29. Qf3 Qf5 30. g4 Qf6 31. Rxc7 Rf8 32.
Rdd7 Kg6 33. Qe4+ Kh6 34. Qf5 Qxf5 35. gxf5 Kg7 36. Rxc6 Nh5 37. Kg2 Nf6 38.
Rdd6 Nh5 39. f6+ Kg6 40. Kf3 Nf4 41. Rd7 Rh8 42. Ke4 Rxh3 43. Kxe5 Ng2 44.
Rc8 Rh5+ 45. Ke4 Kxf6 46. Kf3 Rh4 47. Kxg2 Rg4+ 48. Kf1 Rg7 49. Rcc7 Kg6 50.
Rxf7 Rxf7 51. Rxf7 Kxf7 52. Ke2 Ke6 53. Kd3 Kd5 54. Kc3 Kc5 55. Kb3 Kc6 56.
Ka4 Kb6 57. f4 Ka6 58. f5 Kb6 59. f6 Kc7 60. f7 Kb6 61. f8=Q Ka6 62. Qb4
{Black stalemated}
1/2-1/2

[Event "ICC Open 2015"]
[Site "Internet Chess Club"]
[Date "2015.05.29"]
[Round "8"]
[White "eddington"]
[Black "LMLLM"]
[Result "1-0"]
[ICCResult "Black resigns"]
[WhiteElo "2162"]
[BlackElo "2408"]
[Opening "French: Rubinstein variation"]
[ECO "C03"]
[NIC "FR.07"]
[Time "20:57:35"]
[TimeControl "180+0"]

1. e4 e6 2. d4 d5 3. Nd2 dxe4 4. Nxe4 Nd7 5. Nf3 g6 6. Bg5 f6 7. Bd2 b6 8.
Bd3 Kf7 9. Qe2 Ne7 10. Neg5+ fxg5 11. Nxg5+ Kf6 12. Qxe6+ Kg7 13. Qf7+ Kh6
{Black resigns}
1-0

[Event "ICC Open 2015"]
[Site "Internet Chess Club"]
[Date "2015.05.29"]
[Round "8"]
[White "brawny"]
[Black "gmgattass"]
[Result "0-1"]
[ICCResult "White resigns"]
[WhiteElo "1837"]
[BlackElo "2269"]
[Opening "King's Indian defense, 3.Nc3"]
[ECO "E62"]
[NIC "KI.80"]
[Time "20:53:54"]
[TimeControl "180+0"]

1. d4 Nf6 2. c4 g6 3. Nc3 Bg7 4. g3 O-O 5. Bg2 d6 6. Nf3 a5 7. O-O Nbd7 8.
Rb1 e5 9. d5 Nb6 10. b3 a4 11. Nd2 Ng4 12. Qc2 axb3 13. axb3 f5 14. h3 Nf6
15. e4 f4 16. gxf4 exf4 17. e5 dxe5 18. Nce4 Nxe4 19. Nxe4 Bf5 20. f3 Qh4
21. Kh2 Qg3+ 22. Kh1 Qh4 23. Kh2 Nd7 24. Rb2 Nf6 25. Qf2 Bxe4 26. Qxh4 Bd3
27. Re1 Rfe8 28. Rd2 Bf5 29. Bb2 Nd7 30. Rde2 h6 31. Qf2 b6 32. b4 Ra4 33.
Bc3 Ra3 34. Rc1 Kh7 35. Ra2 Rb3 36. Qe1 Bd3 37. Bf1 Bf5 38. c5 bxc5 39. bxc5
Nxc5 40. Bxe5 Rxe5 41. Rxc5 Rxe1 42. Kg1 Bd3 43. Rcc2 Bd4+ {White resigns}
0-1

[Event "ICC Open 2015"]
[Site "Internet Chess Club"]
[Date "2015.05.29"]
[Round "8"]
[White "Cristhian-ator"]
[Black "garompon"]
[Result "1-0"]
[ICCResult "Black forfeits on time"]
[WhiteElo "2498"]
[BlackElo "2555"]
[Opening "English: Neo-Catalan declined"]
[ECO "E06"]
[NIC "CA.05"]
[Time "20:52:28"]
[TimeControl "180+0"]

1. c4 Nf6 2. g3 e6 3. Bg2 d5 4. Nf3 Be7 5. O-O O-O 6. d4 dxc4 7. Ne5 Nc6 8.
Bxc6 bxc6 9. Nxc6 Qe8 10. Nxe7+ Qxe7 11. Qa4 c5 12. Qxc4 cxd4 13. Qxd4 e5
14. Qd3 Bh3 15. Re1 Rfd8 16. Qf3 e4 17. Qf4 Nd5 18. Qg5 Qb7 19. Nc3 Nb4 20.
Bf4 f6 21. Qh4 Nc2 22. Qxh3 Nxa1 23. Qe6+ Kh8 24. Rxa1 Qxb2 25. Rc1 Rac8 26.
Qb3 Qxb3 27. axb3 Rd4 28. Be3 Rb4 29. Rd1 Rxb3 30. Nxe4 a5 31. Nd6 Ra8 32.
Nc4 h6 33. Nb6 Rb8 34. Rd6 Rb4 35. Bc5 Rb5 36. Rc6 Kh7 37. Be3 Rb4 38. Nd7
R8b7 39. Nc5 R7b5 40. Ra6 Rc4 41. Nd7 a4 42. Ra7 Kg6 43. Nf8+ Kf5 44. h3 g5
45. g4+ Ke4 46. Nd7 f5 47. gxf5 Kxf5 48. Ra6 Rb3 49. Nb6 Rc6 50. Ra5+ Kg6
51. Nxa4 Ra3 52. Ra7 Re6 53. Bc5 Ra1+ 54. Kg2 Rxe2 55. Ra6+ Kh5 56. Nc3 Rxa6
57. Nxe2 Kg6 58. Ng3 Rc6 59. Be3 Rc4 60. h4 gxh4 61. Ne2 Kf5 62. Kh3 Rc2 63.
Nf4 Ke4 64. Ng6 Kf3 65. Nxh4+ Ke2 66. Kg2 Rc3 67. Nf5 Rd3 68. Ng3+ Ke1 69.
Bxh6 Kd1 70. Be3 Kc2 71. Kf3 Rd8 72. Nf5 Rc8 73. Nd4+ Kd3 74. Ne6 Re8 75.
Nf4+ {Black forfeits on time} 1-0

[Event "ICC Open 2015"]
[Site "Internet Chess Club"]
[Date "2015.05.29"]
[Round "8"]
[White "ShadowLike"]
[Black "RaiseTheCurve"]
[Result "0-1"]
[ICCResult "White forfeits on time"]
[WhiteElo "2271"]
[BlackElo "1988"]
[Opening "Alekhine's defense: two pawns' (Lasker's) attack"]
[ECO "B02"]
[NIC "AL.10"]
[Time "20:52:37"]
[TimeControl "180+0"]

1. e4 Nf6 2. e5 Nd5 3. c4 Nb6 4. c5 Nd5 5. Bc4 c6 6. Nc3 e6 7. Ne4 b6 8.
Nd6+ Bxd6 9. cxd6 Ba6 10. d3 f6 11. f4 fxe5 12. fxe5 Bxc4 13. dxc4 Qh4+ 14.
g3 Qe4+ 15. Kd2 Qe3+ 16. Kc2 Qe4+ 17. Kb3 Qxh1 18. cxd5 Qxd5+ 19. Kc2 Qxe5
20. Bf4 Qc5+ 21. Kb3 Na6 22. Qg4 Qd5+ 23. Kc2 Qf5+ 24. Qxf5 exf5 25. Re1+
Kf7 26. Re7+ Kf6 27. Be5+ Kg6 28. Rxg7+ Kh6 29. Rxd7 Nc5 30. Rc7 Rhe8 31.
Bf4+ Kg6 32. Nf3 Re2+ 33. Kb1 Nd3 34. Nh4+ Kf6 35. a3 Rxb2+ 36. Ka1 Re8 37.
Bc1 Re1 38. Rxc6 Rxh2 39. Nf3 Nxc1 40. d7+ Ke7 41. Nxh2 Nb3+ 42. Kb2 Nd4 43.
Rh6 Kxd7 44. Rxh7+ Re7 {White forfeits on time} 0-1

[Event "ICC Open 2015"]
[Site "Internet Chess Club"]
[Date "2015.05.29"]
[Round "8"]
[White "DarkThrone"]
[Black "Prof-chess"]
[Result "1-0"]
[ICCResult "Black forfeits on time"]
[WhiteElo "2424"]
[BlackElo "2765"]
[Opening "King's Indian: Four pawns attack, dynamic line"]
[ECO "E76"]
[NIC "KI.55"]
[Time "20:52:41"]
[TimeControl "180+0"]

1. d4 Nf6 2. c4 g6 3. Nc3 Bg7 4. e4 d6 5. f4 O-O 6. Nf3 c5 7. d5 b5 8. cxb5
a6 9. a4 e6 10. dxe6 Bxe6 11. e5 dxe5 12. Qxd8 Rxd8 13. fxe5 Ng4 14. Bg5 Re8
15. bxa6 Nxe5 16. Nxe5 Bxe5 17. Bb5 Bd7 18. O-O Bd4+ 19. Kh1 Rxa6 20. Bxa6
Nxa6 21. Nd5 Bxb2 22. Nf6+ Bxf6 23. Bxf6 Be6 24. Rfb1 c4 25. Rb6 Nc5 26. a5
Ne4 27. a6 Nxf6 28. a7 Bd5 29. Rb8 c3 30. Rxe8+ Nxe8 31. a8=Q Bxa8 32. Rxa8
Kf8 33. Rc8 Ke7 34. Rxc3 Nd6 35. Kg1 Ke6 36. Ra3 h5 37. Ra6 Ke5 38. Kf2 Ke6
39. Kf3 Ke5 40. g3 Nf5 41. Ra5+ Kf6 42. Kf4 Ng7 43. Ra6+ Ne6+ 44. Ke4 Kg5
45. h3 h4 46. Ra5+ f5+ 47. Kf3 hxg3 48. Kxg3 Nd4 49. h4+ Kh5 50. Ra8 Kh6 51.
Kf4 Nc6 52. Rc8 Ne7 53. Rh8+ Kg7 54. Ra8 Nd5+ 55. Kg5 f4 56. Ra7+ Kf8 57.
Kxg6 Ne7+ 58. Kf6 Ng8+ 59. Ke6 Nh6 60. Rh7 Ng4 61. Kf5 Kg8 62. Ra7 Ne3+ 63.
Kxf4 Nd5+ 64. Kg5 Ne3 65. Ra8+ Kf7 66. h5 Nd5 67. Ra7+ Ke6 68. Kg6 Ne7+ 69.
Kh7 Nf5 70. Ra6+ Ke5 71. Ra5+ Kf4 72. Rxf5+ Kxf5 73. Kg7 Kg5 74. h6 Kf5 75.
h7 Ke5 76. h8=Q Ke4 77. Qf8 {Black forfeits on time} 1-0

[Event "ICC Open 2015"]
[Site "Internet Chess Club"]
[Date "2015.05.29"]
[Round "8"]
[White "TallTower"]
[Black "MD1"]
[Result "1-0"]
[ICCResult "Black checkmated"]
[WhiteElo "1771"]
[BlackElo "1615"]
[Opening "Dutch"]
[ECO "A80"]
[NIC "HD.12"]
[Time "20:53:11"]
[TimeControl "180+0"]

1. d4 f5 2. Nf3 Nf6 3. g3 e6 4. Bg2 Be7 5. O-O O-O 6. b3 d5 7. Bb2 Nc6 8.
Nbd2 b6 9. Ne5 Nxe5 10. dxe5 Nd7 11. Nf3 c5 12. e3 Qc7 13. c4 Bb7 14. Qc2
Rfd8 15. Rfd1 Nf8 16. cxd5 exd5 17. Qxf5 Ng6 18. e6 Rf8 19. Qh3 d4 20. Ne1
dxe3 21. fxe3 Bxg2 22. Qxg2 Bg5 23. Nc2 Ne5 24. Bxe5 Qxe5 25. Qd5 Qxd5 26.
Rxd5 Rfe8 27. Rad1 Bf6 28. Rd6 h5 29. Kg2 Kh7 30. Kf3 Be5 31. Rd7 Rxe6 32.
Rb7 Rf8+ 33. Kg2 Ref6 34. Rd2 Bc3 35. Re2 a5 36. e4 Bd4 37. Nxd4 cxd4 38.
Rd7 Rf1 39. Rxd4 Rb1 40. Rd6 Rff1 41. Rxb6 g5 42. Rf2 Rh1 43. Rb7+ Kg6 44.
Rb6+ Kg7 45. e5 Rbg1+ 46. Kf3 g4+ 47. Kf4 Re1 48. e6 Kf8 49. Kg5+ Ke7 50.
Rf7+ Ke8 51. Rb8# {Black checkmated} 1-0

[Event "ICC Open 2015"]
[Site "Internet Chess Club"]
[Date "2015.05.29"]
[Round "8"]
[White "shredded"]
[Black "Womacka"]
[Result "0-1"]
[ICCResult "White forfeits on time"]
[WhiteElo "2702"]
[BlackElo "2446"]
[Opening "Nimzo-Indian: classical, Pirc variation"]
[ECO "E39"]
[NIC "NI.21"]
[Time "20:52:22"]
[TimeControl "180+0"]

1. d4 Nf6 2. c4 e6 3. Nc3 Bb4 4. Qc2 c5 5. dxc5 O-O 6. a3 Bxc5 7. Nf3 Nc6 8.
Bf4 b6 9. Rd1 Bb7 10. e3 Rc8 11. Be2 Be7 12. O-O Na5 13. Nb5 d5 14. Nxa7 Ra8
15. Nb5 Rc8 16. Na7 Ra8 17. Nb5 Rc8 18. Ne5 Qe8 19. Qa4 dxc4 20. Nxc4 Nxc4
21. Bxc4 Qc6 22. f3 Qxc4 23. Qxc4 Rxc4 24. Nd6 Bxd6 25. Bxd6 Rfc8 26. Be5
Rc2 27. e4 h5 28. Rf2 Rxf2 29. Kxf2 Rc2+ 30. Kg3 Bc6 31. Rd8+ Kh7 32. h4 Nd7
33. Bc3 Bb5 34. Kh3 Nf6 35. Rd1 Nd7 36. Kg3 Nc5 37. Rd2 Rxd2 38. Bxd2 Kg6
39. Bb4 Nd3 40. Bc3 e5 41. Kh2 f5 42. g3 fxe4 43. fxe4 Bc6 44. g4 Bxe4 45.
Kg3 hxg4 46. Kxg4 Bf5+ 47. Kg3 Kh5 48. b3 Be6 49. b4 g6 50. a4 e4 51. a5
bxa5 52. bxa5 Bc4 53. Bd2 Bb5 54. Bc3 e3 55. Kf3 e2 56. Kxe2 Kxh4 57. Ke3
Nc5 58. Kd4 Ne6+ 59. Ke5 Ng5 60. Be1+ Kg4 61. Kd6 Nf3 62. Bb4 g5 63. Kc7 Kf4
64. Be7 g4 65. Bd6+ Ke4 66. Kb6 Bc4 67. a6 Bxa6 68. Kxa6 Nd4 69. Bc5 g3 70.
Bb6 g2 71. Bxd4 Kxd4 {White forfeits on time} 0-1